 Dungeon Crawl Stone Soup version 0.20-a0-548-gad3071d (webtiles) character file.

23 Gelly3 the Insei (level 2, 0/16 HPs)
             Began as a Vine Stalker Monk on Jan 3, 2017.
             Succumbed to Jessica's poison
             ... on level 2 of the Dungeon.
             The game lasted 00:03:38 (1034 turns).

Gelly3 the Insei (Vine Stalker Monk)                Turns: 1034, Time: 00:03:38

Health: 0/16       AC:  4    Str: 13    XL:     2   Next: 95%
Magic:  3/3        EV: 13    Int: 10    God:
Gold:   85         SH:  0    Dex: 16    Spells: 1/1 levels left

rFire  + . .     SeeInvis .       - Unarmed
rCold  + . .     Gourm    .     a - +0 robe
rNeg   . . .     Faith    .     (no shield)
rPois  +         Spirit   +     (no helmet)
rElec  +         Reflect  .     (no cloak)
rCorr  +         Harm     .     k - +0 pair of gloves (curse)
MR     .....                    m - +0 pair of boots
Stlth  +.........               (no amulet)
                                (no ring)
                                (no ring)

@: confused, lethally poisoned (0 -> -9), resistant
A: fangs 2, magic shield, antimagic bite, no device heal 3, rot immunity
a: no special abilities


You were on level 2 of the Dungeon.
You were not hungry.

You visited 1 branch of the dungeon, and saw 2 of its levels.

You collected 85 gold pieces.

Inventory:

Armour
 a - a +0 robe (worn)
 k - a cursed +0 pair of gloves (worn)
   (You found it on level 1 of the Dungeon)
 m - a +0 pair of boots (worn)
   (You found it on level 2 of the Dungeon)
Scrolls
 d - a scroll of blinking {unknown}
 f - a scroll of magic mapping {unknown}
 h - a scroll of fear {unknown}
 l - 2 scrolls of remove curse {unknown}
 n - a scroll of fog {unknown}
Potions
 c - a potion of heal wounds
 e - a potion of resistance
 j - a potion of invisibility {unknown}
Comestibles
 b - a bread ration
 g - a meat ration


   Skills:
 - Level 2.6 Fighting
 - Level 2.4 Dodging
 - Level 2.4 Stealth
 + Level 4.0 Unarmed Combat


You had one spell level left.
You didn't know any spells.

Dungeon Overview and Level Annotations

Branches:
Dungeon (2/15)

Altars:

Annotations:
D:2 Jessica


Innate Abilities, Weirdness & Mutations

You have extremely sharp teeth.
When hurt, damage is shared between your health and your magic reserves.
Your bite disrupts and absorbs the magic of your enemies.
Potions cannot restore your health.
You are immune to rotting.


Message History

Ye kill tha rat!
Nay target in view!
j - a sedimn'ted emerald potion A bat comes inta view.
Tha bat barely misses ye.
Ye punch tha bat!
Ye kill tha bat!
Yer Unarmed Combat skill increases ta level 4!
Nay target in view!
Unknown command.
Ye see 'ere 16 arrows.
Ye see 'ere a short sword.
All o' tha chunks o' flesh in yer inventory haf rotted away.
Tha kobold be too close now fer yer likin'.
A kobold be nearby!
Tha kobold shouts!
Ye hit tha kobold.
Tha kobold be heavily wounded.
Tha kobold closely misses ye.
Ye punch tha kobold!
Ye kill tha kobold!
f - a scroll labeled KYITAX ZOSS Ye now haf 64 gold pieces (gain'd 25).
Thin's tha be 'ere: a short sword; a kobold corpse Ye enter tha shallow water.
Movin' in 'tis stuff be goin' ta be slow.
Thar be a large op'n door 'ere.
Ye op'n tha door.
Thar be an op'n door 'ere.
k - a pair o' gloves Thar be an op'n door 'ere.
Ye op'n tha door.
Thar be an op'n door 'ere.
Ye op'n tha door.
Thar be an op'n door 'ere.
Thar be an op'n door 'ere.
Ye op'n tha door.
Found a stone staircase leadin' down.
Thar be a large op'n door 'ere.
Ye enter tha shallow water.
Movin' in 'tis stuff be goin' ta be slow.
Done 'splorin'.
Done 'splorin'.
Done 'splorin'.
Thar be a stone staircase leadin' down 'ere.
Ye climb downwards.
A hobgoblin comes inta view.
It be wieldin' a club.
Found three items.
Found a stone staircase leadin' up.
Thar be a stone staircase leadin' up 'ere.
Tha helpless hobgoblin fails ta defend itself.
Ye punch tha hobgoblin!
Ye kill tha hobgoblin!
Ye now haf 79 gold pieces (gain'd 15).
Thin's tha be 'ere: a club; a hobgoblin corpse
c - 2 fizzy red potions (gain'd 1)
l - 2 scrolls labeled VYMEMU PYTEM
m - a pair o' boots Nay target in view!
Nay target in view!
n - a scroll labeled QAYMPU DUGASCH Wear which item? (? fer menu, 'sc ta quit) Ye start puttin' on yer armour.
Ye continue puttin' on yer pair o' boots. x4
Ye finish puttin' on yer +0 pair o' boots.
Wear which item? (? fer menu, 'sc ta quit) Ye start puttin' on yer armour.
Ye continue puttin' on yer pair o' gloves. x4
Ye finish puttin' on yer cursed +0 pair o' gloves.
Oops, tha feels deathly cold.
Ye see 'ere a robe.
Ye now haf 85 gold pieces (gain'd 6).
Ye see 'ere 14 poison'd needles.
Markin' area around Jessica as unsafe fer travellin'.
Jessica tha Apprentice Sorceress comes inta view.
She be wieldin' a dagger o' venom.
Jessica shouts!
Tha teleport trap disappears.
Tha bat disappears!
Ye see 'ere 14 poison'd needles.
Ye start waitin'.
Ye barely miss Jessica.
Jessica points at ye an' mumbles some strange words.
Pain shoots through yer body!
Ouch! Tha re'lly hurt!
Ye hit Jessica.
Ye bite Jessica, but do nay damage.
Jessica be heavily wounded.
Jessica hits ye wit' a dagger o' venom.
* * * LOW HITPOINT WARNIN'
* * * Ye be leth'lly poison'd!
It was a potion o' resistance.
Ye feel protected.
* * * LOW HITPOINT WARNIN'
* * * Ye feel sick.
Jessica barely misses ye.
It was a potion o' heal wounds.
Tha seemed strangely inert.
* * * LOW HITPOINT WARNIN'
* * * Ye feel sick.
Jessica hits ye but does nay damage.
It was a potion o' ambrosia.
Ye be confused.
Yer system rejects tha healin'.
Ye feel invigorated.
Ye die...

########### #.........##
#.###......# ### #.#
#......# #.###.# #......#
#.....# #...[..#
######.###########.#######
+..........@.......[......
##.####..###@#####.#######
##.# #.# #.# #(###.#####.#
#..##.#.....#
##.##.#.#...# #@.#.#.#...#
##.#.#.....# ...###..)#
...# #...#


You could see Jessica.

Vanquished Creatures
  A dart slug (D:1)
  A ball python (D:1)
  A giant cockroach (D:1)
  2 goblins (D:1)
  3 hobgoblins
  3 bats (D:1)
  A frilled lizard (D:1)
  5 kobolds (D:1)
  3 rats (D:1)
20 creatures vanquished.

Notes
Turn   | Place    | Note
-------+----------+-------------------------------------------
     0 | D:1      | Gelly3 the Vine Stalker Monk began the quest for the Orb.
     0 | D:1      | Reached XP level 1. HP: 11/11 MP: 2/2
   280 | D:1      | Reached XP level 2. HP: 16/16 MP: 3/3
   743 | D:1      | Reached skill level 4 in Unarmed Combat
  1017 | D:2      | Noticed Jessica
  1031 | D:2      | HP: 3/16 [Jessica/dagger of venom (2)]
  1033 | D:2      | HP: 1/16 [poisoned by Jessica]
  1034 | D:2      | Succumbed to Jessica's poison

Vault maps used:
D:1:      dpeg_arrival_castle, minmay_bisected
D:2:      uniq_jessica

Skill      XL: |  1  2 |
---------------+-------+-----
Unarmed Combat | 4 |  4.0
Fighting       | |  2.6
Dodging        | |  2.4
Stealth        | |  2.4

Action                   || total
-------------------------++-------
Melee: Unarmed           ||    57
       Bite              ||    14
       Punch             ||     2
  Use: Potion            ||     3
 Stab: Sleeping          ||     4
Armor: Robe              ||    12
Dodge: Dodged            ||    47

Vault maps used:
D:1:      dpeg_arrival_castle, minmay_bisected
D:2:      uniq_jessica

Table legend:
 A = Turns spent in this place as a percentage of turns spent in the entire game.
 B = Non-inter-level travel turns spent in this place as a percentage of non-inter-level travel turns spent in the entire game.
 C = Inter-level travel turns spent in this place as a percentage of turns spent in this place.
 D = Turns resting spent in this place as a percentage of non-inter-level travel turns spent in this place.
 E = Turns spent auto-exploring this place as a percentage of non-inter-level travel turns spent in this place.
 F = Non-inter-level travel turns spent in this place divided by the number of levels of this place that you've seen.
                   A       B       C       D       E      F
               +-------+-------+-------+-------+-------+----------------------
         Total | 100.0 | 100.0 |   0.4 |   7.6 |  11.0 | 118.5
       Dungeon | 100.0 | 100.0 |   0.4 |   7.6 |  11.0 | 118.5
               +-------+-------+-------+-------+-------+----------------------

Table legend:
 A = Kills in this place as a percentage of kills in entire the game.
 B = Kills by you in this place as a percentage of kills by you in the entire game.
 C = Kills by friends in this place as a percentage of kills by friends in the entire game.
 D = Other kills in this place as a percentage of other kills in the entire game.
 E = Experience gained in this place as a percentage of experience gained in the entire game.
 F = Experience gained in this place divided by the number of levels of this place that you have seen.
                   A       B       C       D       E      F
               +-------+-------+-------+-------+-------+----------------------
         Total | 100.0 | 100.0 |  -nan |  -nan | 100.0 |  16.5
       Dungeon | 100.0 | 100.0 |  -nan |  -nan | 100.0 |  16.5
               +-------+-------+-------+-------+-------+----------------------
